 Dungeon Crawl Stone Soup version 0.19.0-2-gae57169 (webtiles) character file.

114848 Chiseanne the Eclecticist (level 16, 0/103 HPs)
             Began as a High Elf Artificer on Nov 6, 2016.
             Was a High Priest of Vehumet.
             Slain by Aizul (11 damage)
             ... on level 1 of the Elven Halls.
             The game lasted 02:27:43 (40288 turns).

Chiseanne the Eclecticist (High Elf Artificer)     Turns: 40288, Time: 02:27:44

Health: 0/103      AC: 12    Str: 13    XL:     16   Next: 17%
Magic:  0/45       EV: 17    Int: 20    God:    Vehumet [*****.]
Gold:   2327       SH:  0    Dex: 17    Spells: 10 memorised, 4 levels left

rFire  + . .     SeeInvis .     a - +8 trident of Qazlal's Condemnation {venom, rF+ Str+2 Dex-2}
rCold  + . .     Gourm    .     F - +0 robe {rN+}
rNeg   + . .     Faith    .     (no shield)
rPois  .         Spirit   +     U - +2 hat
rElec  .         Reflect  .     H - +2 cloak {MR+}
rCorr  .         Harm     .     (no gloves)
MR     ++...                    B - +1 pair of boots
Stlth  ++........               t - amulet of guardian spirit
                                I - ring of magical power
                                q - ring of protection from cold

@: about to teleport
A: icy blue scales 1, rugged brown scales 1
a: Renounce Religion


You were on level 1 of the Elven Halls.
You worshipped Vehumet.
Vehumet was extremely pleased with you.
You were hungry.

You visited 5 branches of the dungeon, and saw 25 of its levels.
You also visited: Sewer.

You collected 2455 gold pieces.
You spent 128 gold pieces at shops.

Inventory:

Hand Weapons
 a - the +8 trident of Qazlal's Condemnation (weapon) {venom, rF+ Str+2 Dex-2}
   (You found it on level 7 of the Dungeon)

   It poisons the flesh of those it strikes.
   It affects your strength (+2).
   It affects your dexterity (-2).
   It protects you from fire.
 e - a +0 blowgun
 w - the +10 hand crossbow of Execution {penet, rN+ MR+ Int-3}
   (You found it on level 7 of the Dungeon)

   Ammo fired by it will pass through the targets it hits, potentially hitting
   all targets in its path until it reaches maximum range.
   It affects your intelligence (-3).
   It protects you from negative energy.
   It affects your resistance to hostile enchantments.
Missiles
 j - 17 curare-tipped needles
 n - 130 bolts
Armour
 k - a +3 leather armour of fire resistance
 B - a +1 pair of boots (worn)
 F - a +0 robe of positive energy (worn)
 H - a +2 cloak of magic resistance (worn)
 U - a +2 hat (worn)
 Y - a +2 robe of cold resistance
Jewellery
 h - an uncursed ring of see invisible
 q - a ring of protection from cold (left hand)
 t - an amulet of guardian spirit (around neck)
 I - a ring of magical power (right hand)
Wands
 y - a wand of disintegration (6/24)
 A - a wand of teleportation (4/9)
 Z - a wand of disintegration (10/24)
Scrolls
 b - 2 scrolls of amnesia
 m - a scroll of holy word
 p - 10 scrolls of remove curse
 s - 2 scrolls of recharging
 L - 6 scrolls of magic mapping
 Q - 9 scrolls of fog
 V - 6 scrolls of identify
Potions
 g - 3 potions of cancellation
 i - 10 potions of curing
 o - 2 potions of haste
 v - a potion of agility
 z - 7 potions of might
 G - a potion of resistance
 J - 4 potions of flight
 T - 2 potions of berserk rage
 W - 4 potions of lignification
Miscellaneous
 u - a disc of storms
 C - a phial of floods
 E - a lamp of fire
Comestibles
 c - a fruit
 f - 12 bread rations
 l - 7 meat rations


   Skills:
 - Level 6.2 Fighting
   Level 1.2 Short Blades
 - Level 13.3 Crossbows
 - Level 5.1 Armour
 - Level 7.2 Dodging
 - Level 1.1 Stealth
 * Level 15.3 Spellcasting
 - Level 13.3 Conjurations
 * Level 7.4 Fire Magic
 - Level 1.1 Ice Magic
 * Level 13.8 Air Magic
 - Level 6.2 Evocations


You had 4 spell levels left.
You knew the following spells:

 Your Spells              Type           Power        Failure   Level  Hunger
a - Iskenderun's Mystic   Conj           ######..     1%          4    None
b - Fireball              Conj/Fire      ######....   1%          5    ###....
c - Throw Icicle          Conj/Ice       #####...     1%          4    None
d - Poisonous Cloud       Conj/Pois/Air  ######....   4%          6    #####..
e - Ignite Poison         Fire/Tmut/Pois ####....     1%          3    None
f - Bolt of Fire          Conj/Fire      ######....   3%          6    #####..
g - Force Lance           Conj/Tloc      #####...     1%          4    None
h - Ozocubu's Armour      Chrm/Ice       ###.....     12%         3    None
i - Stone Arrow           Conj/Erth      #####.       1%          3    None
j - Inner Flame           Hex/Fire       ####....     1%          3    None


Dungeon Overview and Level Annotations

Branches:
Dungeon (15/15)            Temple (1/1) D:4            Lair (6/6) D:10
  Swamp (0/4) Lair:3       Spider (0/4) Lair:2        Slime (0/5) Lair:5
    Orc (2/2) D:10            Elf (1/3) Orc:2        Vaults (0/5) D:14
 Depths (0/5) D:15

Altars:
Ashenzari
Elyvilon
Gozag
Hepliaklqana
Kikubaaqudgha
Makhleb
Okawaru
Qazlal
Ru
Sif Muna
Trog
Uskayaw
Vehumet
Xom
Zin
The Shining One
Beogh
Jiyva

Shops:
D:4 (   D:5 %   D:12 (?%   Orc:2 :*[(

Annotations:
Lair:1 HungrySpirit's ghost, journeyman MiBe
Elf:1 Agnes; Aizul


Innate Abilities, Weirdness & Mutations

You are partially covered in icy blue scales. (AC +2)
You are partially covered in rugged brown scales. (AC +1, +3% HP)


Message History

The scroll dissolves into smoke.
Your surroundings suddenly seem different.
Agnes the Wanderer comes into view.
She is wielding a vampiric lajatang.
Agnes shouts!
Aizul the Neglectful Guardian comes into view.
Aizul shouts!
Evoke which item? (* to show all) (? for menu, Esc to quit)
You open the lid... ...and a larval weirdox beast leaps out!
The now-empty box falls apart.
Aizul hits you but does no damage. Aizul completely misses you.
Your larval weirdox beast misses Aizul.
Your larval weirdox beast barely misses Aizul.
Evoke which item? (* to show all) (? for menu, Esc to quit)
Okay, then.
Evoke which item? (* to show all) (? for menu, Esc to quit)
Zapping:
A - a wand of teleportation (5/9)
Press: ? - help, Shift-Dir - straight line, f - you You feel strangely unstable.
This wand has 4 charges left.
Aizul hits you!
You die...

# .# #..###
......###
......iH#
......#S#
#..#@#
......#.#
......#.#
#.......#
#.####### #
###(#
######...?.#


You could see Aizul, Agnes and a friendly larval weirdox beast.

Vanquished Creatures
  Kirke (Lair:5)
  An orc warlord (Orc:2)
  A deep elf demonologist (Elf:1)
  Nessos (Orc:2)
  Snorg (Orc:2)
  A deep elf death mage (Elf:1)
  Josephine (Orc:2)
  An ettin (Orc:1)
  Erolcha (D:11)
  A catoblepas (D:15)
  Fannar (D:12)
  13 hydras
  5 centaur warriors
  A catoblepas (shapeshifter) (D:13)
  A death knight (D:15)
  3 dancing weapons
  2 tengu warriors
  4 death yaks (Lair:6)
  Sonja (D:10)
  A deep elf knight (Elf:1)
  5 orc high priests
  2 skeletal warriors (D:15)
  A deep troll (shapeshifter) (D:15)
  A deep elf archer (Elf:1)
  7 hill giants
  A wolf spider zombie (D:14)
  3 orc knights (Orc:2)
  10 ugly things
  3 orc sorcerers (Orc:2)
  21 deep elf magi
  3 cyclopes
  A wolf spider (Lair:6)
  2 manticores
  A guardian serpent (Lair:6)
  9 black mambas
  17 elephants
  5 centaur skeletons
  2 gargoyles
  19 spiny frogs
  5 komodo dragons
  2 yaktaurs (D:15)
  4 tengu conjurers
  2 freezing wraiths
  8 trolls
  A polar bear (Lair:5)
  A two-headed ogre (D:15)
  A jumping spider (shapeshifter) (D:15)
  A tyrant leech (Lair:3)
  Grinder (D:5)
  3 slime creatures (D:15)
  7 hornets
  A raiju (shapeshifter) (D:13)
  7 dream sheep
  23 blink frogs
  13 hippogriffs
  A spriggan (shapeshifter) (D:15)
  A shadow (D:11)
  A vampire (D:15)
  25 yaks
  A spriggan (D:7)
  5 wraiths
  A redback (Lair:6)
  A wyvern (shapeshifter) (D:15)
  4 basilisks
  A fire elemental (Elf:1)
  8 wyverns
  A steam dragon (D:12)
  A golden eye (shapeshifter) (D:12)
  2 hogs (Lair:5)
  A swamp worm (Lair:3)
  8 vampire mosquitoes
  A mottled dragon (D:14)
  2 wargs (Orc:2)
  20 water moccasins
  22 bullfrogs
  Duvessa (D:5)
  10 porcupines
  4 ice beasts
  A hornet zombie (D:13)
  29 orc warriors
  3 sky beasts
  2 black bears
  12 ogres
  A phantom (D:14)
  3 boggarts (D:15)
  13 wolves
  6 centaurs
  14 crocodiles
  2 big kobolds
  An earth elemental (Elf:1)
  Dowan (D:5)
  6 scorpions
  3 electric eels
  5 wights (D:7)
  7 howler monkeys
  4 crimson imps
  5 centaur zombies
  A quasit (D:9)
  3 hounds
  2 jellies
  16 orc priests
  Crazy Yiuf (D:5)
  40 orc wizards
  3 bullfrog skeletons
  Ijyb (D:3)
  3 iguanas
  16 worker ants
  A hound skeleton (D:5)
  A worker ant zombie (D:10)
  2 gnolls (D:5)
  9 river rats
  25 adders
  A howler monkey skeleton (D:5)
  7 shadow imps
  3 oozes
  An adder zombie (D:9)
  6 worms
  4 dart slugs
  3 leopard geckos
  74 orcs
  17 ball pythons
  16 bats
  11 giant cockroaches
  10 goblins
  7 hobgoblins
  16 jackals
  17 kobolds
  6 quokkas
  13 frilled lizards
  A jackal zombie (D:5)
  A leopard gecko skeleton (D:4)
  43 rats
  3 fungi
  A plant (Lair:6)
860 creatures vanquished.

Vanquished Creatures (collateral kills)
  2 ugly things (D:15)
  A wolf spider (Lair:6)
  3 elephants
  A vampire mosquito (D:13)
  2 bullfrogs
  2 gnolls (D:5)
  A jackal (D:1)
  A ball python (Sewer)
13 creatures vanquished.

Vanquished Creatures (others)
  2 deep elf knights (Elf:1)
  3 deep elf magi (Elf:1)
  2 elephants
  3 humans (Lair:5)
  A centaur (D:5)
  A worker ant (D:5)
  A jelly (D:5)
  An orc priest (Elf:1)
  An adder (Sewer)
  A leopard gecko (D:1)
  An orc (Elf:1)
  43 fungi
  47 plants
107 creatures vanquished.

Grand Total: 980 creatures vanquished

Notes
Turn   | Place    | Note
-------+----------+-------------------------------------------
     0 | D:1      | Chiseanne the High Elf Artificer began the quest for the Orb.
     0 | D:1      | Reached XP level 1. HP: 13/13 MP: 4/4
   205 | D:1      | Reached XP level 2. HP: 18/18 MP: 5/5
   712 | D:1      | Reached XP level 3. HP: 4/23 MP: 6/6
  1767 | D:2      | Reached XP level 4. HP: 20/29 MP: 7/7
  2036 | D:2      | Found an opulent altar of Gozag.
  2807 | D:3      | Reached XP level 5. HP: 29/36 MP: 7/9
  3127 | D:3      | Noticed Ijyb
  3160 | D:3      | Killed Ijyb
  3814 | D:4      | Found a sacrificial altar of Ru.
  4056 | D:4      | Found a glowing golden altar of the Shining One.
  4078 | D:4      | Found a staircase to the Ecumenical Temple.
  4089 | Temple   | Entered the Ecumenical Temple
  4094 | Temple   | Became a worshipper of Vehumet
  4117 | D:4      | Reached XP level 6. HP: 25/42 MP: 6/10
  4242 | D:4      | Found Zaullotz's Antique Weapon Emporium.
  4407 | D:4      | Found a white marble altar of Elyvilon.
  4822 | D:4      | Reached skill level 5 in Dodging
  5015 | D:5      | Entered Level 5 of the Dungeon
  5025 | D:5      | Reached skill level 5 in Evocations
  5025 | D:5      | Reached XP level 7. HP: 22/48 MP: 5/11
  5273 | D:5      | Found a hazy altar of Hepliaklqana.
  5278 | D:5      | Noticed Grinder
  5300 | D:5      | Paralysed by Grinder for 7 turns
  5344 | D:5      | Paralysed by Grinder for 6 turns
  5350 | D:5      | Killed Grinder
  5350 | D:5      | Reached skill level 5 in Fighting
  5796 | D:5      | Noticed Duvessa
  5814 | D:5      | Killed Duvessa
  5815 | D:5      | Noticed Dowan
  5852 | D:5      | Killed Dowan
  5852 | D:5      | Reached XP level 8. HP: 43/55 MP: 8/13
  5943 | D:5      | Found a glowing silver altar of Zin.
  6204 | D:5      | Found a runed door.
  6378 | D:5      | Found Lush's Food Shoppe.
  6508 | D:5      | Reached * piety under Vehumet
  6508 | D:5      | Offered knowledge of Sandblast by Vehumet.
  6716 | D:5      | Noticed Crazy Yiuf
  6720 | D:5      | Killed Crazy Yiuf
  6997 | D:6      | Reached skill level 1 in Spellcasting
  7129 | D:6      | Reached skill level 2 in Spellcasting
  7304 | D:6      | Found a glowing drain.
  7310 | Sewer    | Entered a sewer
  7498 | Sewer    | Reached ** piety under Vehumet
  7498 | Sewer    | Offered knowledge of Sting by Vehumet.
  7510 | Sewer    | Learned a level 1 spell: Sting
  7712 | Sewer    | Reached skill level 1 in Armour
  7733 | Sewer    | Reached skill level 3 in Spellcasting
  7733 | Sewer    | Reached skill level 1 in Conjurations
  7932 | D:6      | Offered knowledge of Stone Arrow by Vehumet.
  7938 | D:6      | Learned a level 3 spell: Stone Arrow
  8311 | D:6      | Found a deep blue altar of Sif Muna.
  8544 | D:7      | Found a burning altar of Makhleb.
  8544 | D:7      | Noticed a green death
  8602 | D:7      | Found a bloodstained altar of Trog.
  8614 | D:7      | Reached XP level 9. HP: 62/62 MP: 15/15
  8656 | D:7      | Reached skill level 4 in Spellcasting
  8707 | D:7      | Got a transparent hand crossbow
  8794 | D:7      | Identified a scroll of acquirement
  8794 | D:7      | Identified the Incunabulum of Shifting Bewitchment (You acquired it on level 7 of the Dungeon)
  8797 | D:7      | Identified the +10 hand crossbow of Execution {penet, rN+ MR+ Int-3} (You found it on level 7 of the Dungeon)
  8855 | D:7      | Reached *** piety under Vehumet
  8865 | D:7      | Reached skill level 1 in Crossbows
  9018 | D:7      | Got a bloodstained trident
  9051 | D:7      | Identified the +8 trident of Qazlal's Condemnation {venom, rF+ Str+2 Dex-2} (You found it on level 7 of the Dungeon)
  9376 | D:8      | Reached skill level 5 in Spellcasting
  9952 | D:9      | Offered knowledge of Iskenderun's Mystic Blast by Vehumet.
  9962 | D:9      | Learned a level 4 spell: Iskenderun's Mystic Blast
 10156 | D:9      | Reached skill level 5 in Conjurations
 10270 | D:9      | Reached XP level 10. HP: 68/68 MP: 19/19
 10364 | D:9      | Reached skill level 6 in Spellcasting
 10364 | D:9      | Reached **** piety under Vehumet
 10580 | D:9      | Offered knowledge of Fulminant Prism by Vehumet.
 10794 | D:10     | Entered Level 10 of the Dungeon
 10951 | D:10     | Noticed a hill giant
 10957 | D:10     | Killed a hill giant
 10957 | D:10     | Reached skill level 5 in Armour
 10963 | D:10     | Found a staircase to the Orcish Mines.
 11397 | D:10     | Noticed a gargoyle
 11411 | D:10     | Killed a gargoyle
 11411 | D:10     | Reached skill level 5 in Crossbows
 11675 | D:10     | Reached skill level 7 in Spellcasting
 11948 | D:10     | Found a staircase to the Lair.
 12049 | D:10     | Noticed Sonja
 12060 | D:10     | Killed Sonja
 12425 | D:11     | Reached skill level 8 in Spellcasting
 12459 | D:11     | Found a sacrificial altar of Ru.
 12464 | D:11     | Identified Icho's Almanac of Flight and Clay
 12471 | D:11     | Learned a level 4 spell: Throw Icicle
 12484 | D:11     | Noticed a four-headed hydra
 12492 | D:11     | Killed a four-headed hydra
 12492 | D:11     | Reached ***** piety under Vehumet
 12492 | D:11     | Offered knowledge of Poisonous Cloud by Vehumet.
 12492 | D:11     | Reached XP level 11. HP: 45/72 MP: 24/24
 12647 | D:11     | Noticed Erolcha
 12658 | D:11     | Killed Erolcha
 12800 | D:11     | Noticed a hill giant
 12800 | D:11     | Noticed a centaur warrior
 12810 | D:11     | Killed a hill giant
 12812 | D:11     | Killed a centaur warrior
 12812 | D:11     | Reached skill level 9 in Spellcasting
 13361 | D:11     | Found a shimmering altar of Xom.
 13369 | D:11     | Found a deep blue altar of Sif Muna.
 13369 | D:11     | Found a radiant altar of Vehumet.
 13373 | D:11     | Found an opulent altar of Gozag.
 13373 | D:11     | Found a hazy altar of Hepliaklqana.
 13373 | D:11     | Found a glowing silver altar of Zin.
 13819 | D:12     | Found Kairoeps's Food Boutique.
 13819 | D:12     | Found a glowing golden altar of the Shining One.
 13819 | D:12     | Noticed Fannar
 13833 | D:12     | Killed Fannar
 13907 | D:12     | Found Bioc's Weapon Shop.
 13960 | D:12     | Found Koosuocef's Magic Scroll Shop.
 13966 | D:12     | Bought a scroll of identify for 32 gold pieces
 13966 | D:12     | Bought a scroll of identify for 32 gold pieces
 13966 | D:12     | Bought a scroll of identify for 32 gold pieces
 13966 | D:12     | Bought a scroll of fog for 32 gold pieces
 14147 | D:12     | Learned a level 6 spell: Poisonous Cloud
 14151 | D:12     | Learned a level 3 spell: Ignite Poison
 14155 | D:12     | Learned a level 3 spell: Inner Flame
 14542 | Orc:1    | Entered Level 1 of the Orcish Mines
 14546 | Orc:1    | Reached skill level 1 in Ice Magic
 14618 | Orc:1    | Noticed an ettin
 14624 | Orc:1    | Killed an ettin
 14624 | Orc:1    | Reached skill level 1 in Air Magic
 14840 | Orc:2    | Entered Level 2 of the Orcish Mines
 14840 | Orc:2    | Noticed Nessos
 14840 | Orc:2    | Noticed Josephine
 14844 | Orc:1    | Reached skill level 10 in Spellcasting
 15683 | Lair:1   | Entered Level 1 of the Lair of Beasts
 15838 | Lair:1   | Reached XP level 12. HP: 79/79 MP: 18/27
 15980 | Lair:1   | Noticed HungrySpirit's ghost (journeyman MiBe)
 16214 | Lair:2   | You fall through a shaft for 2 floors!
 16294 | Lair:3   | Reached skill level 10 in Conjurations
 16767 | Lair:2   | Noticed a five-headed hydra
 16800 | Lair:2   | Noticed a four-headed hydra
 17086 | Lair:2   | Killed a five-headed hydra
 17373 | Lair:2   | Killed a four-headed hydra
 18043 | Lair:2   | Reached skill level 5 in Air Magic
 18654 | Lair:2   | Found a hole to the Spider Nest.
 19290 | Lair:3   | Reached skill level 11 in Spellcasting
 19663 | Lair:3   | Found a staircase to the Swamp.
 20717 | Lair:4   | Reached skill level 10 in Crossbows
 21195 | Lair:4   | Reached XP level 13. HP: 83/83 MP: 2/29
 21418 | Lair:4   | Offered knowledge of Force Lance by Vehumet.
 21427 | Lair:4   | Learned a level 4 spell: Force Lance
 22324 | Lair:5   | Found a viscous altar of Jiyva.
 22325 | Lair:5   | Found a staircase to the Slime Pits.
 22408 | Lair:5   | Noticed Kirke
 22521 | Lair:5   | Noticed a sphinx
 22524 | Lair:5   | Killed Kirke
 22827 | Lair:5   | Learned a level 3 spell: Ozocubu's Armour
 22942 | Lair:5   | Reached skill level 12 in Spellcasting
 23305 | Lair:6   | Entered Level 6 of the Lair of Beasts
 25354 | Lair:6   | Reached XP level 14. HP: 90/90 MP: 4/31
 25569 | Lair:6   | Reached skill level 10 in Air Magic
 26313 | Lair:6   | Reached skill level 13 in Spellcasting
 27507 | Lair:6   | Offered knowledge of Fireball by Vehumet.
 27617 | Lair:6   | Learned a level 5 spell: Fireball
 28295 | Orc:2    | Killed Nessos
 28748 | Orc:2    | Found a staircase to the Elven Halls.
 29059 | Orc:2    | Killed Josephine
 29552 | Orc:2    | Found a roughly hewn altar of Beogh.
 29719 | Orc:2    | Noticed Snorg
 29729 | Orc:2    | Found Ytogiwul's Antique Armour Shoppe.
 29729 | Orc:2    | Found Ojoezocu's Antique Weapon Emporium.
 29729 | Orc:2    | Noticed an orc warlord
 31084 | D:13     | Offered knowledge of Delayed Fireball by Vehumet.
 31161 | D:13     | Reached skill level 1 in Fire Magic
 31778 | D:13     | Gained mutation: You are partially covered in icy blue scales. (AC +2) [potion of beneficial mutation]
 31779 | D:13     | Gained mutation: You are partially covered in rugged brown scales. (AC +1, +3% HP) [potion of beneficial mutation]
 32876 | D:14     | Reached skill level 14 in Spellcasting
 32876 | D:14     | Reached XP level 15. HP: 92/96 MP: 23/34
 33274 | D:14     | Found a gate to the Vaults.
 34676 | D:15     | Entered Level 15 of the Dungeon
 34968 | D:15     | Offered knowledge of Poison Arrow by Vehumet.
 35404 | D:15     | Reached skill level 5 in Fire Magic
 35888 | D:15     | Found a staircase to the Depths.
 36955 | Orc:2    | Killed Snorg
 38455 | Orc:2    | Killed an orc warlord
 38699 | Orc:2    | Found Wodda's General Store.
 38700 | Orc:2    | Found Jowuol's Book Shoppe.
 39138 | Elf:1    | Entered Level 1 of the Elven Halls
 39146 | Elf:1    | Reached skill level 15 in Spellcasting
 39674 | Elf:1    | Reached XP level 16. HP: 103/103 MP: 29/36
 39678 | Elf:1    | Offered knowledge of Bolt of Fire by Vehumet.
 39777 | Elf:1    | Learned a level 6 spell: Bolt of Fire
 40285 | Elf:1    | Noticed Agnes
 40285 | Elf:1    | Noticed Aizul
 40288 | Elf:1    | Slain by Aizul

Skill      XL: |  1  2  3  4  5  6  7  8  9 10 11 12 13 14 15 16 |
---------------+-------------------------------------------------+-----
Dodging        | 3 4 5 6 7 |  7.2
Fighting       | 2 3 4 5 6 |  6.2
Evocations     | 4 5 6 |  6.2
Spellcasting   | 3 5 8 10 11 12 14 15 | 15.3
Armour         | 2 4 5 |  5.1
Conjurations   | 2 5 7 9 11 12 13 | 13.3
Crossbows      | 3 6 8 10 11 12 13 | 13.3
Ice Magic      | 1 |  1.1
Air Magic      | 3 7 9 11 13 | 13.8
Fire Magic     | 2 6 7 |  7.4
Short Blades   | |  1.2
Stealth        | |  1.1

Action                   |  1- 3 |  4- 6 |  7- 9 | 10-12 | 13-15 | 16-18 || total
-------------------------+-------+-------+-------+-------+-------+-------++-------
Melee: Short sword       |   150 |    32 |       |       |       |       ||   182
       Long sword        |       |   196 |    44 |       |       |       ||   240
       Rapier            |       |       |   267 |       |       |       ||   267
       Flail             |       |       |     7 |       |       |       ||     7
       Trident           |       |       |     6 |    11 |    77 |    10 ||   104
 Fire: Hand crossbow     |       |       |    73 |   239 |   252 |       ||   564
Throw: Stone             |       |       |     3 |       |       |       ||     3
 Cast: Sting             |       |       |    26 |       |       |       ||    26
       Stone Arrow       |       |       |     5 |       |       |       ||     5
       Iskenderun's Myst |       |       |     2 |   355 |   601 |    29 ||   987
       Throw Icicle      |       |       |       |    23 |       |       ||    23
       Force Lance       |       |       |       |       |    83 |       ||    83
       Poisonous Cloud   |       |       |       |       |   100 |     8 ||   108
       Ignite Poison     |       |       |       |       |    72 |     5 ||    77
       Inner Flame       |       |       |       |       |     1 |       ||     1
       Ozocubu's Armour  |       |       |       |       |       |     1 ||     1
Evoke: Wand              |    12 |     7 |    21 |    16 |    26 |     3 ||    85
       Box of beasts     |       |       |       |     3 |     2 |     1 ||     6
       Lamp of fire      |       |       |       |       |     3 |       ||     3
       Sack of spiders   |       |       |       |       |     2 |       ||     2
       Phial of floods   |       |       |       |       |     2 |       ||     2
  Use: Scroll            |     8 |     8 |    12 |    18 |    20 |     3 ||    69
       Potion            |       |       |     3 |     3 |    22 |       ||    28
 Stab: Paralysed         |     1 |       |       |       |     2 |       ||     3
       Sleeping          |     3 |     6 |     2 |       |       |       ||    11
       Distracted        |       |     1 |     2 |       |       |       ||     3
  Eat: Chunk             |     3 |    11 |    18 |    57 |    77 |       ||   166
       Fruit             |       |       |       |    15 |    16 |     4 ||    35
       Beef jerky        |       |       |       |       |     3 |       ||     3
       Royal jelly       |       |       |       |       |     1 |       ||     1
       Pizza             |       |       |       |       |     2 |       ||     2
Armor: Leather armour    |    72 |    83 |   145 |    54 |   139 |       ||   493
       Robe              |       |       |       |       |       |     8 ||     8
Dodge: Dodged            |   167 |   213 |   405 |   153 |   341 |    11 ||  1290
       Rpst.: Long sword |       |    66 |    14 |       |       |       ||    80
